 Dungeon Crawl Stone Soup version 0.25.0-9-g26727b657a (webtiles) character file.

Game seed: 6610404579089067100

946 Jakers the Tainter (level 8, -2/73 HPs)
             Began as a Naga Venom Mage on June 20, 2020.
             Killed by divine providence
             ... invoked by an orc priest
              (11 damage)
             ... on level 5 of the Dungeon.
             The game lasted 00:12:12 (5699 turns).

Jakers the Tainter (Naga Venom Mage)                Turns: 5699, Time: 00:12:13

Health: -2/73      AC:  5    Str: 11    XL:     8   Next: 13%
Magic:  1/11       EV: 10    Int: 18    God:
Gold:   280        SH:  0    Dex: 11    Spells: 4/11 levels left

rFire    x . .     SeeInvis +   t - +2 short sword (holy)
rCold    + . .     Gourm    .   (no shield)
rNeg     . . .     Faith    .   a - +0 robe
rPois    +         Spirit   .   p - +2 hat
rElec    .         Reflect  .   (no cloak)
rCorr    .         Harm     .   (no gloves)
MR       +....                  (no barding)
Stlth    ++........             (no amulet)
HPRegen  0.22/turn              d - ring of ice
MPRegen  0.12/turn              (no ring)

@: very slightly contaminated, hasted, quick
A: large, see invisible, deformed body, poison resistance, slowness 2, slow
metabolism 1, spit poison 1, AC +2
a: Spit Poison


You were on level 5 of the Dungeon.
You were hungry.

You visited 1 branch of the dungeon, and saw 5 of its levels.
You also visited: Sewer.

You collected 280 gold pieces.

Inventory:

Hand Weapons
 b - a +1 dagger
 o - a cursed +0 morningstar
 t - a +2 short sword of holy wrath (weapon)
 y - a +2 vampiric war axe
Missiles
 i - 2 javelins (quivered)
 m - 2 atropa-tipped darts
 B - 8 silver boomerangs
Armour
 a - a +0 robe (worn)
 j - a +0 helmet
 p - a +2 hat (worn)
 A - a +0 pair of gloves
Jewellery
 d - a ring of ice (left hand)
 w - an uncursed ring of protection from cold {unknown}
Wands
 r - a wand of random effects (15)
Scrolls
 f - 5 scrolls of fog
 k - 3 scrolls of remove curse
 l - 2 scrolls of identify
 u - 2 scrolls of enchant weapon
 x - a scroll of teleportation
Potions
 e - a potion of cancellation
 h - 2 potions of haste
 n - 3 potions of might
 s - a potion of mutation
 v - a potion of brilliance
Comestibles
 c - 3 rations


   Skills:
 + Level 4.5 Fighting
 - Level 1.5 Dodging
 - Level 3.0 Stealth
 - Level 2.0 Spellcasting
 - Level 1.0 Transmutations
 - Level 2.0 Air Magic
 - Level 10.3 Poison Magic


You had 4 spell levels left.
You knew the following spells:

 Your Spells              Type           Power        Failure   Level  Hunger
a - Sting                 Tmut/Pois      ###.         1%          1    #......
b - Poisonous Vapours     Pois/Air       ###...       2%          2    ###....
c - Olgreb's Toxic Radia  Pois           #####...     2%          4    #####..

Your spell library contained the following spells:

 Spells                   Type           Power        Failure   Level  Hunger
 Mephitic Cloud           Conj/Pois/Air  ###.....     10%         3    ###....
 Ignite Poison            Fire/Tmut/Pois ###.....     12%         3    ###....


Dungeon Overview and Level Annotations

Branches:
Dungeon (5/15)             Temple (0/1) D:4           Sewer (visited)

Altars:
Kikubaaqudgha


Innate Abilities, Weirdness & Mutations

You cannot wear boots.
Your serpentine skin is tough. (AC +2)
You have supernaturally acute eyesight. (SInv)
Armour fits poorly on your strangely shaped body.
Your system is resistant to poisons. (rPois)
You cover ground very slowly.
You have a slow metabolism.
You can spit poison.


Message History

Aiming: Sting (safe; 1% risk of failure)
Press: ? - help, Shift-Dir - straight line, f - ogre
Aim: an ogre, wielding a +0 giant spiked club (severely wounded, poisoned)
You miscast Sting.
You are very lightly contaminated with residual magic.
Nothing appears to happen.
The ogre hits you with a +0 giant spiked club!!
* * * LOW HITPOINT WARNING * * *
The orc priest hits you with a +0 hand axe.
* * * LOW HITPOINT WARNING * * *
You feel much better.
The ogre hits you with a +0 giant spiked club!
* * * LOW HITPOINT WARNING * * *
The orc priest hits you with a +0 hand axe!
* * * LOW HITPOINT WARNING * * *
Okay, then.
You feel yourself speed up.
The orc priest invokes the aid of Beogh against you.
Beogh smites you!
You die...

#............
##.##.#...##..#.
#####......#...?.
###.##....#.........
##(.....#.###..........
#....#....##...........
##..(..................
##.###)........%......
#......@..†..........
#.........##)...)......
..........o....).....#
..........O.........#
[....................#
..............#.......#
............###......#
..........# #.......#
......###.. #........


You could see an ogre (poisoned) and an orc priest.

Vanquished Creatures
  Edmund (D:4)
  An ogre (D:4)
  A centaur (D:5)
  Blork the orc (D:4)
  A scorpion (D:4)
  A gnoll shaman (D:4)
  3 hounds
  An orc priest (D:4)
  An iguana (D:3)
  2 worker ants
  A hound skeleton (D:4)
  6 gnolls
  8 adders
  4 river rats
  A shadow imp (D:5)
  An ooze (D:2)
  An adder skeleton (D:4)
  3 dart slugs
  3 leopard geckos
  9 orcs
  6 ball pythons (Sewer)
  10 bats
  8 giant cockroaches
  9 goblins
  12 hobgoblins
  9 jackals
  A quokka (D:4)
  7 frilled lizards
  15 kobolds
  6 rats
133 creatures vanquished.

Vanquished Creatures (others)
  A human (D:2)
1 creature vanquished.

Grand Total: 134 creatures vanquished

Notes
Turn   | Place    | Note
-------+----------+-------------------------------------------
     0 | D:1      | Jakers the Naga Venom Mage began the quest for the Orb.
     0 | D:1      | Reached XP level 1. HP: 15/15 MP: 3/3
   189 | D:1      | Reached XP level 2. HP: 22/22 MP: 1/5
   193 | D:1      | Learned a level 2 spell: Poisonous Vapours
   313 | D:1      | Reached skill level 5 in Poison Magic
   650 | D:1      | Reached XP level 3. HP: 28/28 MP: 4/6
  1500 | D:2      | Reached skill level 6 in Poison Magic
  1772 | D:2      | Reached XP level 4. HP: 36/36 MP: 0/7
  1937 | D:2      | Learned a level 4 spell: Olgreb's Toxic Radiance
  2272 | D:2      | Found an ancient bone altar of Kikubaaqudgha.
  2272 | D:2      | Noticed a human
  2276 | D:2      | Killed a human
  2374 | D:2      | Reached skill level 7 in Poison Magic
  2695 | D:3      | Reached XP level 5. HP: 42/42 MP: 2/8
  3056 | D:3      | Reached skill level 8 in Poison Magic
  3555 | D:4      | Found a glowing drain.
  3581 | Sewer    | Entered a sewer
  3729 | Sewer    | Reached XP level 6. HP: 37/49 MP: 1/9
  4165 | D:4      | Reached skill level 9 in Poison Magic
  4336 | D:4      | Found a staircase to the Ecumenical Temple.
  4489 | D:4      | Noticed Blork the orc
  4493 | D:4      | Reached skill level 10 in Poison Magic
  4493 | D:4      | Reached XP level 7. HP: 47/55 MP: 1/10
  4503 | D:4      | Killed Blork the orc
  4503 | D:4      | Reached skill level 1 in Air Magic
  4684 | D:4      | Reached skill level 1 in Fighting
  5172 | D:4      | Noticed Edmund
  5188 | D:4      | Killed Edmund
  5621 | D:5      | Entered Level 5 of the Dungeon
  5650 | D:5      | Reached XP level 8. HP: 64/72 MP: 3/11
  5695 | D:5      | HP: 3/73 [orc priest/+0 hand axe (2)]
  5699 | D:5      | Killed from afar by an orc priest

Illustrated notes

Levels and vault maps discovered:
D:1:      minmay_arrival_plants_in_alcoves, layout_loops_corners,
          chequers_garden, hangedman_decor_growths, minmay_quantized
D:2:      layout_basic, tgw_kikubaaqudgha
D:3:      layout_basic, minmay_misc_feat_nine_boxes
D:4:      layout_gridville, minmay_temple_entry_from_below_a,
          portal_sewer_entry_a, uniq_edmund, uniq_blork_the_orc
D:5:      layout_cave_pools, first_ration, serial_gnoll_camp,
          gnoll_camp_mini_house, grums_kennel, gnoll_camp_mini_loothouse,
          gnoll_camp_mini_doghouse, minmay_manual_mess

Skill      XL: |  1  2  3  4  5  6  7 |
---------------+----------------------+-----
Poison Magic   | 5 6 7 8 10 | 10.3
Air Magic      | 2 |  2.0
Fighting       | 4 |  4.5
Dodging        | |  1.5
Stealth        | |  3.0
Spellcasting   | |  2.0
Transmutations | |  1.0

Action                   |  1- 3 |  4- 6 |  7- 9 || total
-------------------------+-------+-------+-------++-------
Melee: Unarmed           |     1 |       |       ||     1
       Dagger            |    17 |    41 |       ||    58
       Short sword       |       |    87 |    51 ||   138
 Cast: Sting             |    24 |    17 |     4 ||    45
       Poisonous Vapours |    17 |    21 |    21 ||    59
       Olgreb's Toxic Ra |       |    10 |     3 ||    13
 Abil: Spit Poison       |    21 |     4 |     2 ||    27
  Use: Scroll            |     5 |     2 |     8 ||    15
       Potion            |     2 |       |     5 ||     7
 Stab: Sleeping          |     1 |     3 |       ||     4
  Eat: Chunk             |     1 |    11 |     5 ||    17
       Ration            |     1 |       |       ||     1
Armor: Robe              |     6 |    40 |    16 ||    62
Dodge: Dodged            |    25 |   101 |    43 ||   169
